 Dungeon Crawl Stone Soup version 0.17-a0-1208-g5ea1814 (webtiles) character file.

24 TheRake the Magician (level 2, 0/13 HPs)
             Began as a Spriggan Wanderer on June 4, 2015.
             Slain by a jackal (3 damage)
             ... on level 2 of the Dungeon.
             The game lasted 00:04:41 (798 turns).

TheRake the Magician (Spriggan Wanderer)             Turns: 798, Time: 00:04:41

Health: 0/13       AC:  2    Str: 11    XL:     2   Next: 79%
Magic:  0/10       EV: 15    Int: 10    God:
Gold:   56         SH:  0    Dex: 15    Spells: 1 memorised, 12 levels left

rFire  . . .     SeeInvis +     e - +0 dagger
rCold  . . .     Clarity  .     d - +0 robe
rNeg   . . .     SustAt   .     (shield restricted)
rPois  .         Gourm    .     (helmet restricted)
rElec  .         Spirit   .     (no cloak)
rCorr  .         Warding  .     (gloves unavailable)
rMut   .         Stasis   .     (boots unavailable)
MR     .....                    (no amulet)
Stlth  ++........               (no ring)
                                (no ring)

@: very slightly contaminated, very quick, not resistant to hostile
enchantments, unstealthy
A: unfitting armour, see invisible, herbivore 3, speed 3, slow metabolism 2
a: no special abilities


You were on level 2 of the Dungeon.
You were not hungry.

You visited 1 branch of the dungeon, and saw 2 of its levels.

You collected 56 gold pieces.

Inventory:

Hand weapons
 e - a +0 dagger (weapon)
Missiles
 g - 4 needles of frenzy
Armour
 d - a +0 robe (worn)
Scrolls
 b - a scroll of teleportation
Potions
 c - a potion of lignification
Books
 a - a book of Minor Magic

   Spells                             Type                      Level
   a - Magic Dart                     Conjuration                  1
   b - Blink                          Translocation                2
   c - Call Imp                       Summoning                    2
   d - Repel Missiles                 Charms/Air                   2
   e - Slow                           Hexes                        2
   f - Conjure Flame                  Conjuration/Fire             3
   g - Mephitic Cloud                 Conjuration/Poison/Air       3
Comestibles
 f - a bread ration


   Skills:
 - Level 3.0 Stealth
 * Level 6.0 Spellcasting
 + Level 0.7 Conjurations
   Level 3.0 Charms
   Level 1.0 Summonings
   Level 1.5 Translocations


You had 12 spell levels left.
You knew the following spells:

 Your Spells              Type           Power        Failure   Level  Hunger
a - Magic Dart            Conj           #...         17%         1    None


Dungeon Overview and Level Annotations

Branches:
Dungeon (2/15)

Altars:
Nemelex Xobeh


Innate Abilities, Weirdness & Mutations

You are tiny and cannot use many weapons and most armour.
You have supernaturally acute eyesight.
You are a herbivore.
You cover ground extremely quickly.
You need consume almost no food.


Message History

Aiming: Magic Dart
Press: ? - help, Shift-Dir - straight line, f - jackal
Aim: a jackal The magic dart hits the jackal.
The jackal bites you but does no damage.
The jackal closely misses you.
You closely miss the jackal.
The jackal bites you but does no damage.
You barely miss the jackal. The jackal bites you. The jackal misses you.
Casting: Magic Dart
Confirm with . or Enter, or press ? or * to list all spells.
Aiming: Magic Dart
Press: ? - help, Shift-Dir - straight line, f/p - jackal
Aim: a jackal You miscast Magic Dart.
The air around you crackles with energy!
The jackal bites you.
* * * LOW HITPOINT WARNING * * *
The jackal bites you.
You die...

.....≈..##.#
.....≈≈..#.#
...........# #####
≈≈≈........
##.@.## #.
#≈≈......#
#.h...##...
#≈.....≈#
#..........
#≈....≈##
#.....##...
#≈$....≈# ##...##
.. #≈......###
##.## .
#≈≈......#.## #.#
≈≈≈..........###†#
..............##†#


You could see a jackal.

Vanquished Creatures
  A ball python (D:2)
  6 bats (D:1)
  A goblin (D:1)
  5 hobgoblins (D:1)
  2 jackals (D:2)
  3 kobolds (D:1)
  A giant newt (D:1)
  A rat (D:1)
20 creatures vanquished.

Notes
Turn   | Place    | Note
--------------------------------------------------------------
     0 | D:1      | TheRake the Spriggan Wanderer began the quest for the Orb.
     0 | D:1      | TheRake set off with: a book of Minor Magic, a scroll of teleportation, a potion of lignification, a +0 robe, a +0 dagger, a bread ration
     0 | D:1      | Reached XP level 1. HP: 9/9 MP: 7/7
     2 | D:1      | Learned a level 1 spell: Magic Dart
    11 | D:1      | Found a sparkling altar of Nemelex Xobeh.
   136 | D:1      | Reached XP level 2. HP: 5/13 MP: 0/9
   724 | D:1      | Reached skill level 6 in Spellcasting
   798 | D:2      | Slain by a jackal

Vault maps used:
D:1:      eino_arrival_water_star, nemelex_deck
D:2:      old_standard_altar, kennysheep_decorative_pillar,
          minmay_misc_feat_room, moated_statue, uniq_jessica

Action                   || total
-------------------------++-------
Melee: Dagger            ||    40
 Cast: Magic Dart        ||    52
